 Dungeon Crawl Stone Soup version 0.25-a0-528-g6b7c99946c (webtiles) character file.

Game seed: 2487883089868999430, levelgen mode: deterministic

21032 kae the Severer (level 12, -1/115 HPs)
             Began as a Hill Orc Fighter on Feb 19, 2020.
             Was a High Priest of Makhleb.
             Slain by a six-headed hydra (9 damage)
             ... on level 4 of the Lair of Beasts.
             The game lasted 00:19:20 (14438 turns).

kae the Severer (Hill Orc Fighter)                 Turns: 14438, Time: 00:19:20

Health: -1/115     AC: 12    Str: 24    XL:     12   Next: 85%
Magic:  6/6        EV:  9    Int: 10    God:    Makhleb [*****.]
Gold:   1875       SH:  0    Dex: 12    Spells: 11/11 levels left

rFire    . . .     SeeInvis .   D - +8 Wrath of Trog {antimagic, *Rage}
rCold    . . .     Gourm    .   (shield currently unavailable)
rNeg     . . .     Faith    .   b - +0 scale mail
rPois    .         Spirit   .   m - +1 helmet (curse)
rElec    .         Reflect  .   v - scarf {cloud immunity}
rCorr    .         Harm     .   H - +1 pair of gloves
MR       .....     Rnd*Rage +   (no boots)
Stlth    ..........             t - amulet of magic regeneration
HPRegen  0.29/turn              i - ring of wizardry
MPRegen  0.35/turn              r - +3 ring of slaying

@: very slightly contaminated, lightly drained
A: thin metallic scales 1, agile 1, clever 1, wild magic 1
a: Minor Destruction, Lesser Servant of Makhleb, Major Destruction, Greater
Servant of Makhleb, Renounce Religion


You were on level 4 of the Lair of Beasts.
You worshipped Makhleb.
Makhleb was extremely pleased with you.
You were not hungry.

You visited 2 branches of the dungeon, and saw 15 of its levels.
You also visited: Bailey.

You collected 1987 gold pieces.
You spent 112 gold pieces at shops.

Inventory:

Hand Weapons
 a - a +1 war axe of draining
 D - the +8 Wrath of Trog (weapon) {antimagic, *Rage}
   (You acquired it on level 10 of the Dungeon)

   It reduces the magical energy of the wielder, and disrupts the spells and
   magical abilities of those hit.
   Natural abilities and divine invocations are not affected.
   It may make you go berserk in combat.
Armour
 b - a +0 scale mail (worn)
 c - a +0 kite shield
 m - a cursed +1 helmet (worn)
 v - a scarf of cloud immunity (worn)
 H - a +1 pair of gloves (worn)
Jewellery
 i - a ring of wizardry (left hand)
 r - a +3 ring of slaying (right hand)
 t - an amulet of magic regeneration (around neck)
 F - an uncursed ring of ice
Wands
 n - a wand of flame (40)
 y - a wand of iceblast (17)
 z - a wand of disintegration (22)
 G - a wand of random effects (11)
 J - a wand of acid (21)
Scrolls
 e - 4 scrolls of magic mapping
 g - a scroll of blinking
 j - 3 scrolls of amnesia
 k - 2 scrolls of enchant weapon
 o - a scroll of remove curse
 s - 2 scrolls of enchant armour
 w - 2 scrolls of fog
 x - 2 scrolls of fear
 B - 5 scrolls of teleportation
 E - 3 scrolls of identify
Potions
 d - 4 potions of mutation
 h - 2 potions of curing
 l - a potion of flight
 p - 4 potions of brilliance
 q - a potion of ambrosia
 u - a potion of stabbing
 A - 2 potions of haste
 C - 3 potions of lignification
Comestibles
 f - 33 rations


   Skills:
 + Level 13.2(12.6) Fighting
 * Level 18.7(18.0) Axes
 - Level 3.2(2.7) Armour
 - Level 3.2(2.7) Shields
 + Level 11.4(10.8) Invocations


You had 11 spell levels left.
You didn't know any spells.
Your spell library contained the following spells:

 Spells                   Type           Power        Failure   Level  Hunger
 Shock                    Conj/Air       #...         41%         1    ##.....
 Blink                    Tloc           N/A          52%         2    ###....
 Poisonous Vapours        Pois/Air       #.....       52%         2    ###....
 Shroud of Golubria       Chrm/Tloc      #.....       52%         2    ###....
 Swiftness                Chrm/Air       #.......     52%         2    ###....
 Conjure Flame            Conj/Fire      #.......     75%         3    ####...
 Gell's Gravitas          Tloc           #.........   75%         3    ####...
 Lesser Beckoning         Tloc           #.........   75%         3    ####...
 Mephitic Cloud           Conj/Pois/Air  #.......     75%         3    ####...
 Static Discharge         Conj/Air       #.......     75%         3    ####...
 Teleport Other           Tloc           #.......     75%         3    ####...
 Airstrike                Air            #.........   98%         4    #####..
 Passage of Golubria      Tloc           N/A          98%         4    #####..
 Lightning Bolt           Conj/Air       #.........   100%        5    ######.
 Freezing Cloud           Conj/Ice/Air   #.........   100%        6    #######
 Ring of Flames           Chrm/Fire      #.........   100%        7    #######


Dungeon Overview and Level Annotations

Branches:
Dungeon (12/15)            Temple (0/1) D:7            Lair (2/6) D:9
    Orc (0/2) D:10         Bailey (visited)
  Swamp: Lair:2-4    Shoals: Lair:2-4     Snake: Lair:2-4    Spider: Lair:2-4

Altars:
Cheibriados
Gozag
Kikubaaqudgha
Makhleb
Nemelex Xobeh
Qazlal
Ru
Trog
Zin
The Shining One

Shops:
D:7 ?   D:8 :

Annotations:
D:6 2 transporters, LostGamesStreakFreak's ghost, novice DDFi
D:8 exclusion: upstairs


Innate Abilities, Weirdness & Mutations

You are partially covered in thin metallic scales. (AC +2)
You are agile. (Dex +2)
Your mind is acute. (Int +2)
Your spells are a little harder to cast, but a little more powerful.


Message History

Makhleb accepts your kill.
You feel better.
You slice the hell rat!!
You kill the hell rat!
Makhleb accepts your kill.
You feel better.
You bump into the rock wall.
You feel less invigorated.
You feel less confused. The yak gores you but does no damage.
You barely miss the yak. The yak gores you!
* * * LOW HITPOINT WARNING * * *
The six-headed hydra bites you but does no damage.
The six-headed hydra bites you.
* * * LOW HITPOINT WARNING * * *
The six-headed hydra bites you but does no damage.
The six-headed hydra bites you!
* * * LOW HITPOINT WARNING * * *
The six-headed hydra bites you but does no damage.
The six-headed hydra bites you!
You die...

### ##@# ##DY#
###.r## #...
##.P..### ## .#..
#......P# #P#..#
#....##..####...#
....####.>...##.#
P..P #.#...D#..#####
...
####......r..P..#####


You could see a six-headed hydra, a yak and a river rat.

Vanquished Creatures
  Josephine (D:11)
  Fannar (D:11)
  2 two-headed ogres (D:11)
  Pikel (D:7)
  An ugly thing (D:11)
  A manticore (D:11)
  2 orc knights (Bailey)
  4 cyclopes
  A salamander (Lair:1)
  2 black mambas
  A centaur zombie (D:10)
  A molten gargoyle (Lair:1)
  3 spiny frogs
  A rime drake (Lair:1)
  3 komodo dragons
  5 trolls
  A merfolk (D:11)
  Grinder (D:3)
  A hornet (D:10)
  3 hippogriffs
  A wind drake (shapeshifter) (D:10)
  Eustachio (D:4)
  3 wyverns
  A water elemental (D:11)
  6 yaks
  3 wraiths (D:11)
  Grum (D:11)
  5 porcupines
  Duvessa (D:6)
  3 slaves (D:7)
  3 sky beasts
  An ice beast (D:11)
  9 orc warriors
  A necrophage (D:9)
  2 phantoms
  5 wolves
  5 ogres
  A crocodile (Lair:2)
  2 big kobolds (D:10)
  10 bullfrogs
  3 gnoll sergeants (D:10)
  Dowan (D:6)
  A wyvern skeleton (D:11)
  2 scorpions
  4 howler monkeys
  3 electric eels (D:11)
  A lava snake (Lair:1)
  4 crimson imps
  A bullfrog zombie (D:7)
  3 hounds
  3 jellies
  14 orc wizards
  2 orc priests
  2 centaur skeletons
  9 hell rats
  A bullfrog skeleton (D:5)
  6 iguanas
  5 worker ants
  A howler monkey zombie (D:7)
  Robin (D:4)
  2 worker ant zombies
  11 gnolls
  14 adders
  15 river rats
  3 shadow imps
  An adder zombie (D:8)
  A worm (D:3)
  A dart slug (D:2)
  5 leopard geckos
  60 orcs
  10 bats
  2 giant cockroaches
  28 goblins
  8 hobgoblins
  9 jackals
  23 kobolds
  9 quokkas
  A ball python (D:2)
  4 frilled lizards
  24 rats
398 creatures vanquished.

Vanquished Creatures (others)
  2 orcs (D:11)
  A fire vortex (Lair:1)
  2 fungi (Lair:1)
5 creatures vanquished.

Grand Total: 403 creatures vanquished

Notes
Turn   | Place    | Note
-------+----------+-------------------------------------------
     0 | D:1      | kae the Hill Orc Fighter began the quest for the Orb.
     0 | D:1      | Reached XP level 1. HP: 19/19 MP: 1/1
    32 | D:1      | Reached skill level 3 in Axes
   189 | D:1      | Reached XP level 2. HP: 27/27 MP: 2/2
   417 | D:1      | Reached skill level 4 in Axes
   431 | D:1      | Reached XP level 3. HP: 22/33 MP: 3/3
  1150 | D:2      | Reached XP level 4. HP: 36/41 MP: 4/4
  1199 | D:2      | Reached skill level 5 in Axes
  1916 | D:3      | Reached XP level 5. HP: 47/47 MP: 5/5
  1989 | D:3      | You fall into a shaft and drop 2 floors!
  1989 | D:5      | Entered Level 5 of the Dungeon
  2081 | D:5      | Reached skill level 6 in Axes
  2130 | D:5      | Reached skill level 5 in Fighting
  2380 | D:4      | Reached XP level 6. HP: 51/56 MP: 6/6
  2429 | D:4      | Reached skill level 7 in Axes
  2879 | D:3      | Noticed Grinder
  2883 | D:3      | Paralysed by Grinder for 5 turns
  2888 | D:3      | Killed Grinder
  2888 | D:3      | Reached skill level 8 in Axes
  2888 | D:3      | Reached XP level 7. HP: 58/63 MP: 7/7
  3238 | D:4      | You fall into a shaft and drop 1 floor!
  3350 | D:4      | Noticed Robin
  3363 | D:4      | Killed Robin
  3728 | D:4      | Noticed Eustachio
  3742 | D:4      | Reached skill level 9 in Axes
  4073 | D:4      | Killed Eustachio
  4329 | D:5      | Found a burning altar of Makhleb.
  4378 | D:5      | Became a worshipper of Makhleb the Destroyer
  4417 | D:6      | Reached XP level 8. HP: 44/73 MP: 8/8
  4681 | D:6      | Found a stormy altar of Qazlal.
  4708 | D:6      | Reached skill level 10 in Axes
  4729 | D:6      | Found a transporter.
  4731 | D:6      | Noticed LostGamesStreakFreak's ghost (novice DDFi)
  4953 | D:6      | Found a transporter.
  5089 | D:6      | Found a sparkling altar of Nemelex Xobeh.
  5191 | D:6      | Noticed Dowan
  5192 | D:6      | Noticed Duvessa
  5206 | D:6      | Killed Duvessa
  5206 | D:6      | Reached skill level 11 in Axes
  5210 | D:6      | Killed Dowan
  5631 | D:7      | Reached * piety under Makhleb
  5655 | D:7      | Found a bloodstained altar of Trog.
  5678 | D:7      | Noticed a hippogriff
  5688 | D:7      | Killed a hippogriff
  5688 | D:7      | Reached skill level 12 in Axes
  5688 | D:7      | Reached XP level 9. HP: 52/82 MP: 9/9
  5869 | D:7      | Found an opulent altar of Gozag.
  5869 | D:7      | Found an ancient bone altar of Kikubaaqudgha.
  5950 | D:7      | Found Riegyar's Magic Scroll Emporium.
  5959 | D:7      | Reached skill level 1 in Invocations
  5972 | D:7      | Bought 3 scrolls of identify for 84 gold pieces
  5972 | D:7      | Bought a scroll of identify for 28 gold pieces
  6000 | D:7      | Found a staircase to the Ecumenical Temple.
  6274 | D:7      | Noticed Pikel
  6289 | D:7      | Killed Pikel
  6459 | D:8      | Found a glowing golden altar of the Shining One.
  6540 | D:8      | Found a snail-covered altar of Cheibriados.
  6644 | D:8      | Reached skill level 13 in Axes
  6686 | D:8      | Found Ymeschi's Book Emporium.
  7256 | D:7      | Found a glowing silver altar of Zin.
  7295 | D:9      | Found a staircase to the Lair.
  7352 | D:9      | Reached ** piety under Makhleb
  7486 | D:9      | Identified a scroll of acquirement
  7537 | D:9      | Found a flagged portal.
  7555 | Bailey   | Entered a bailey
  7604 | Bailey   | Noticed an orc knight
  7613 | Bailey   | Killed an orc knight
  7613 | Bailey   | Reached skill level 5 in Invocations
  7613 | Bailey   | Reached XP level 10. HP: 93/93 MP: 13/13
  7673 | Bailey   | Noticed an orc knight
  7682 | Bailey   | Reached skill level 10 in Fighting
  7682 | Bailey   | Reached skill level 14 in Axes
  7693 | Bailey   | Killed an orc knight
  7948 | D:9      | Found a sacrificial altar of Ru.
  8271 | D:9      | Reached *** piety under Makhleb
  8628 | D:10     | Entered Level 10 of the Dungeon
  8782 | D:10     | Noticed a cyclops
  9066 | D:10     | Killed a cyclops
  9358 | D:10     | Reached skill level 15 in Axes
  9454 | D:10     | Reached XP level 11. HP: 57/102 MP: 16/16
  9498 | D:10     | Found a staircase to the Orcish Mines.
  9523 | D:10     | HP: 2/102 [orc warrior/+0 halberd (13)]
  9966 | D:10     | Reached skill level 16 in Axes
 10378 | D:10     | Identified the +0 pair of boots "Temm" {-Cast +Fly rCorr
                  | Slay+5} (You acquired it on level 10 of the Dungeon)
 10379 | D:10     | Found the +8 Wrath of Trog {antimagic, *Rage}
 10407 | D:11     | Noticed a two-headed ogre
 10413 | D:11     | Reached **** piety under Makhleb
 10420 | D:11     | Killed a two-headed ogre
 10495 | D:11     | You fall into a shaft and drop 1 floor!
 10496 | D:12     | Noticed a cyclops
 10499 | D:12     | Killed a cyclops
 10623 | D:11     | Noticed a cyclops
 10634 | D:11     | Killed a cyclops
 10908 | D:11     | Noticed Fannar
 10922 | D:11     | Killed Fannar
 10922 | D:11     | Reached skill level 17 in Axes
 11208 | D:11     | Noticed a two-headed ogre
 11212 | D:11     | Killed a two-headed ogre
 11212 | D:11     | Reached XP level 12. HP: 112/112 MP: 6/19
 11223 | D:11     | Noticed Josephine
 11229 | D:11     | Killed Josephine
 11229 | D:11     | Reached skill level 10 in Invocations
 11704 | D:11     | Noticed Grum
 11711 | D:11     | Killed Grum
 11741 | D:11     | Reached ***** piety under Makhleb
 12097 | Lair:1   | Entered Level 1 of the Lair of Beasts
 12101 | Lair:1   | Reached skill level 18 in Axes
 13843 | Lair:1   | Gained mutation: Scrolls take you a little longer to read.
                  | [potion of mutation]
 13843 | Lair:1   | Gained mutation: You are dopey. (Int -2) [potion of
                  | mutation]
 13843 | Lair:1   | Gained mutation: You are agile. (Dex +2) [potion of
                  | mutation]
 14057 | Lair:2   | Lost mutation: You are dopey. (Int -2) [potion of mutation]
 14057 | Lair:2   | Lost mutation: Scrolls take you a little longer to read.
                  | [potion of mutation]
 14057 | Lair:2   | Gained mutation: You are partially covered in thin metallic
                  | scales. (AC +2) [potion of mutation]
 14057 | Lair:2   | Gained mutation: Your mind is acute. (Int +2) [potion of
                  | mutation]
 14057 | Lair:2   | Gained mutation: Your spells are a little harder to cast,
                  | but a little more powerful. [potion of mutation]
 14263 | Lair:2   | You fall into a shaft and drop 2 floors!
 14393 | Lair:4   | Noticed a six-headed hydra
 14403 | Lair:4   | HP: 3/115 [hell rat (3)]
 14425 | Lair:4   | HP: 5/115 [yak (5)]
 14438 | Lair:4   | Slain by a six-headed hydra

Levels and vault maps discovered:
D:1:      scummos_arrival_simple_crosswalls, layout_basic, minmay_hexomino_c4
D:2:      layout_basic, first_ration
D:3:      layout_loops_ring, uniq_grinder
D:4:      layout_loops_ring, uniq_robin, uniq_eustachio
D:5:      layout_cave_pools, lemuel_round_altar
D:6:      layout_rooms, lemuel_coloured_pillars_altar, kennysheep_mini,
          gammafunk_ghost_stat_death, interstate_on_off, lightli_orcish_oven,
          uniq_duvessa
D:7:      lemuel_upstairs_altar, layout_loops_ring,
          gammafunk_temple_overflow_elements, bloody_trog,
          minmay_temple_entry_statues, serial_shops, nicolae_shop_stone,
          uniq_pikel
D:8:      layout_basic, lemuel_doored_altar, tso_metal_star, serial_shops,
          kennysheep_mini_moat
D:9:      layout_layer_cave, nicolae_ru_the_path_less_chosen, lair_entry_dummy,
          enter_bailey_3
D:10:     layout_loops_ring, kennysheep_orc_monster_closet_entryway
D:11:     layout_basic, hangedman_fish_farm, uniq_fannar, uniq_josephine,
          uniq_grum
D:12:     layout_basic
Lair:1:   lemuel_ratsnest, layout_chaotic_city, lemuel_fruit_fields
Lair:2:   layout_loops_ring
Lair:4:   layout_layer_cave, palyth_hydra_swamp_entry,
          kennysheep_abandoned_house

Skill      XL: |  1  2  3  4  5  6  7  8  9 10 11 12 |
---------------+-------------------------------------+-----
Axes           | 3 4 5 6 8 9 12 13 15 17 18 | 18.7
Fighting       | 4 5 6 7 8 9 11 12 13 | 13.2
Invocations    | 5 7 9 11 | 11.4
Armour         | |  3.2
Shields        | |  3.2

Action                   |  1- 3 |  4- 6 |  7- 9 | 10-12 || total
-------------------------+-------+-------+-------+-------++-------
Melee: War axe           |   128 |   184 |   362 |   224 ||   898
       Battleaxe         |       |       |       |   250 ||   250
Evoke: Wand              |       |       |    21 |     6 ||    27
  Use: Scroll            |     8 |     2 |    12 |    10 ||    32
       Potion            |     2 |       |     2 |     8 ||    12
  Eat: Chunk             |     1 |     5 |     9 |    23 ||    38
       Ration            |       |       |     2 |       ||     2
Armor: Scale mail        |    76 |    81 |   168 |   123 ||   448
       Skin              |       |       |       |     2 ||     2
Dodge: Dodged            |    39 |    56 |   109 |   127 ||   331
Block: Kite shield       |    69 |   101 |   181 |    80 ||   431

Table legend:
 A = Non-vault XP
 B = Vault XP
 C = Vault XP percentage of total XP
 D = Non-vault monster count
 E = Vault monster count
 F = Vault count percentage of total count
                 A         B        C        D         E       F
            +---------+---------+-------+---------+---------+-------
      Total |   21483 |    8564 |  28.5 |     253 |     142 |  35.9
            +---------+---------+-------+---------+---------+-------
        D:1 |      46 |      11 |  19.3 |      21 |       5 |  19.2
        D:2 |     107 |       0 |   0.0 |      21 |       0 |   0.0
        D:3 |      17 |     272 |  94.1 |       6 |       1 |  14.3
        D:4 |     321 |     246 |  43.4 |      23 |      13 |  36.1
        D:5 |     148 |       0 |   0.0 |      10 |       0 |   0.0
        D:6 |     709 |     367 |  34.1 |      23 |       8 |  25.8
        D:7 |     564 |     673 |  54.4 |      11 |       1 |   8.3
        D:8 |     586 |       0 |   0.0 |      18 |       0 |   0.0
        D:9 |     590 |       7 |   1.2 |      18 |       4 |  18.2
       D:10 |    4703 |    1608 |  25.5 |      39 |      20 |  33.9
       D:11 |    6526 |    3367 |  34.0 |      34 |       9 |  20.9
       D:12 |     878 |       0 |   0.0 |       2 |       0 |   0.0
     Lair:1 |    4342 |     430 |   9.0 |      17 |      41 |  70.7
     Lair:2 |    1759 |       0 |   0.0 |       9 |       0 |   0.0
     Lair:4 |     187 |      98 |  34.4 |       1 |       8 |  88.9
     Bailey |       0 |    1485 | 100.0 |       0 |      32 | 100.0
            +---------+---------+-------+---------+---------+-------
